 Dungeon Crawl Stone Soup version 0.18.1-50-g88ac8fd (webtiles) character file.

56 PhynixH2O the Shooter (level 3, 0/24 HPs)
             Began as a High Elf Hunter on Oct 29, 2016.
             Slain by Terence
             ... wielding a +0 mace
              (3 damage)
             ... on level 1 of the Dungeon.
             The game lasted 00:18:33 (1462 turns).

PhynixH2O the Shooter (High Elf Hunter)             Turns: 1462, Time: 00:18:34

Health: 0/24       AC:  5    Str: 11    XL:     3   Next: 71%
Magic:  4/4        EV: 11    Int: 14    God:
Gold:   62         SH:  0    Dex: 17    Spells: 0 memorised, 2 levels left

rFire  . . .     SeeInvis .     a - +1 shortbow
rCold  . . .     Gourm    .     n - +0 ring mail
rNeg   . . .     Faith    .     (shield currently unavailable)
rPois  .         Spirit   .     (no helmet)
rElec  .         Dismiss  .     (no cloak)
rCorr  .         Reflect  .     (no gloves)
SustAt .         Harm     .     (no boots)
MR     .....                    (no amulet)
Stlth  +.........               (no ring)
                                (no ring)

@: not resistant to hostile enchantments, very unstealthy
A: no striking features
a: no special abilities


You were on level 1 of the Dungeon.
You were hungry.

You visited 1 branch of the dungeon, and saw 2 of its levels.

You collected 62 gold pieces.

Inventory:

Hand Weapons
 a - a +1 shortbow (weapon)
 b - a +0 short sword
Missiles
 d - 40 arrows (quivered)
Armour
 n - a +0 ring mail (worn)
Jewellery
 q - an uncursed ring of positive energy
Scrolls
 k - a scroll of remove curse {unknown}
 l - a scroll of blinking {unknown}
 m - 2 scrolls of identify
Potions
 e - 2 potions of agility {unknown}
 p - a potion of degeneration {unknown}
Comestibles
 f - a bread ration
 i - a royal jelly


   Skills:
 * Level 2.2 Fighting
 * Level 1.2 Short Blades
 + Level 6.7 Bows
 + Level 0.1 Armour
 + Level 2.2 Dodging
 - Level 1.1 Stealth


You had 2 spell levels left.
You didn't know any spells.

Dungeon Overview and Level Annotations

Branches:
Dungeon (2/15)

Altars:

Annotations:
D:1 Terence


Message History

Press: ? - help, Shift-Dir - straight line, f/p - Terence
Aim: Terence, wielding a mace and wearing a chain mail (almost dead)
You shoot an arrow.
The arrow hits Terence but does no damage.
Terence is almost dead.
Firing (i - inventory):
d - 42 arrows (quivered)
Press: ? - help, Shift-Dir - straight line, f/p - Terence
Aim: Terence, wielding a mace and wearing a chain mail (almost dead)
You shoot an arrow.
The arrow hits Terence but does no damage.
Terence is almost dead.
Terence hits you but does no damage.
Firing (i - inventory):
d - 41 arrows (quivered)
Press: ? - help, Shift-Dir - straight line, f/p - Terence
Aim: Terence, wielding a mace and wearing a chain mail (almost dead)
You shoot an arrow.
The arrow hits Terence but does no damage.
Terence is almost dead.
Terence hits you with a mace.
You die...

..........#...#≈.......≈#.......#
....#####.....#≈.......≈#..#.#.##
....#.........#≈.......≈#..#.#..#
.........#....#.§.......#..#.##.#
#.#.#.#.(#....#.........#..#.....
.........#.>..#.........#........
.#.#.#.#.#....####'''####...#...)
.........#.......8...8.....#....(
#.#.#.#.#.#####@@.............(..
..........######.[.........##....
.#.#.#.#.#.......................
.).............#........######...
#.#.#.#.#.#...............####...
.............)....#####..........
.#.#.#.#.#.#..##### ###........
..............# #######..
#.#.#.#.#.#..## #..


You could see Terence.

Vanquished Creatures
  An adder (D:2)
  2 dart slugs (D:2)
  A giant gecko (D:1)
  2 ball pythons
  4 bats
  2 giant cockroaches (D:1)
  7 goblins
  4 hobgoblins
  4 jackals (D:1)
  2 quokkas (D:2)
  A giant newt (D:2)
  4 kobolds
  3 rats
37 creatures vanquished.

Notes
Turn   | Place    | Note
--------------------------------------------------------------
     0 | D:1      | PhynixH2O the High Elf Hunter began the quest for the Orb.
     0 | D:1      | Reached XP level 1. HP: 14/14 MP: 2/2
   168 | D:1      | Reached XP level 2. HP: 19/19 MP: 3/3
   307 | D:1      | Reached skill level 6 in Bows
   709 | D:2      | Reached XP level 3. HP: 19/24 MP: 4/4
   854 | D:2      | Reached skill level 1 in Short Blades
  1265 | D:2      | Noticed Terence
  1429 | D:2      | HP: 1/24 [Terence/mace (4)]
  1462 | D:1      | Slain by Terence

Skill      XL: |  1  2  3 |
---------------+----------+-----
Bows           | 6 |  6.7
Short Blades   | 1 |  1.2
Fighting       | |  2.2
Armour         | |  0.1
Dodging        | |  2.2
Stealth        | |  1.1

Action                   || total
-------------------------++-------
Melee: Short sword       ||   125
 Fire: Shortbow          ||    62
  Use: Potion            ||     4
       Scroll            ||     1
  Eat: Chunk             ||     1
Armor: Leather armour    ||    25
       Ring mail         ||    14
Dodge: Dodged            ||    93
